 Dungeon Crawl Stone Soup version 0.29-a0-284-gf9362112df (webtiles) character file.

Game seed: 17991152300818362389

226 siradein the Vandal (level 6, -2/52 HPs)
             Began as a Ghoul Hunter on Mar 26, 2022.
             Slain by an iguana (4 damage)
             ... on level 3 of the Dungeon on Mar 27, 2022.
             The game lasted 00:05:16 (3474 turns).

siradein the Vandal (Ghoul Hunter)                  Turns: 3474, Time: 00:05:16

Health: -2/52      AC:  4    Str: 15    XL:     6   Next: 1%
Magic:  5/5        EV: 12    Int:  4    God:
Gold:   131        SH:  0    Dex: 14    Spells: 5/5 levels left

rFire   . . .      SeeInvis .   a - +1 hunting sling
rCold   + + .      Faith    .   (no shield)
rNeg    + + +      Spirit   .   b - +0 leather armour
rPois   ∞          Reflect  .   (no helmet)
rElec   .          Harm     .   (no cloak)
rCorr   .          Rampage  .   (no gloves)
Will    .....                   r - +0 pair of boots
Stlth   +.........              m - amulet of magic regeneration
HPRegen 0.00/turn               f - ring of protection from cold
MPRegen 0.49/turn               (no ring)

@: brilliant, inhibited regen
A: claws 1, cold resistance 1, negative energy resistance 3, inhibited
regeneration, torment resistance 2
a: no special abilities


You were on level 3 of the Dungeon.
You visited 1 branch of the dungeon, and saw 4 of its levels.

You collected 153 gold pieces.
You spent 22 gold pieces at shops.

Inventory:

Hand Weapons
 a - a +1 hunting sling (weapon)
Armour
 b - a +0 leather armour (worn)
 r - a +0 pair of boots (worn)
Jewellery
 f - a ring of protection from cold (left claw)
 m - an amulet of magic regeneration (around neck)
 p - a ring of magical power
 q - a ring of flight
Wands
 t - a wand of charming (9)
Scrolls
 c - a scroll of immolation
 e - 3 scrolls of teleportation {unknown}
 g - a scroll of fear {unknown}
 h - a scroll of blinking {unknown}
 i - a scroll of enchant armour {unknown}
 j - a scroll of torment {unknown}
 o - a scroll of acquirement {unknown}
 v - a scroll of enchant weapon {unknown}
Potions
 d - 4 potions of ambrosia
 k - a potion of resistance {unknown}
 l - a potion of curing
 n - a potion of degeneration {unknown}
 s - a potion of lignification {unknown}
 u - a potion of brilliance
 w - a potion of attraction {unknown}
 x - a potion of flight {unknown}


   Skills:
 + Level 4.1 Fighting
 + Level 4.7 Slings
 + Level 3.4 Dodging
 - Level 1.1 Stealth


You had 5 spell levels left.
You didn't know any spells.
Your spell library contained the following spells:

 Spells                   Type           Power      Damage    Failure   Level
 Ensorcelled Hibernation  Hex/Ice        0%         N/A       71%         2
 Passwall                 Tmut/Erth      0%         N/A       71%         2
 Gell's Gravitas          Tloc           0%         N/A       91%         3
 Lesser Beckoning         Tloc           0%         N/A       91%         3
 Swiftness                Air            0%         N/A       91%         3
 Teleport Other           Tloc           0%         N/A       91%         3


Dungeon Overview and Level Annotations

Branches:
Dungeon (4/15)
 Temple: D:4-7

Altars:

Shops:
D:1 =   D:2 ?   D:4 =


Innate Abilities, Weirdness & Mutations

You thrive by killing the living.
You are immune to poison.
You have sharp fingernails.
Your flesh is cold resistant. (rC+)
You are immune to negative energy. (rN+++)
You do not regenerate when monsters are visible.
You are immune to unholy pain and torment.


Message History

The goblin misses you. The iguana bites you!
The goblin hits you but does no damage. The iguana bites you!
You are too injured to fight recklessly!
You are too injured to fight recklessly!
You are too injured to fight recklessly!
Fire: a) +1 hunting sling
Press: ? - help, Q - select action, (/) - cycle Shift-Dir - straight line, f/p - goblin
Aim: a goblin, wielding a +0 club (moderately wounded, 55% to hit)
You shoot a sling bullet. The sling bullet hits the goblin.
The goblin is severely wounded.
The goblin hits you but does no damage. The iguana bites you.
Fire: a) +1 hunting sling
Press: ? - help, Q - select action, (/) - cycle Shift-Dir - straight line, f/p - goblin
Aim: a goblin, wielding a +0 club (severely wounded, 55% to hit)
You shoot a sling bullet. The sling bullet hits the goblin.
You kill the goblin!
The iguana bites you.
* * * LOW HITPOINT WARNING * * *
You see here a +0 club.
The iguana attacks as you move away! The iguana barely misses you.
The iguana attacks as you move away! The iguana bites you.
* * * LOW HITPOINT WARNING * * *
Fire: a) +1 hunting sling
Press: ? - help, Q - select action, (/) - cycle Shift-Dir - straight line, f - iguana
Aim: an iguana (65% to hit)
You shoot a sling bullet.
The sling bullet closely misses the iguana.
The iguana barely misses you.
Fire: a) +1 hunting sling
Press: ? - help, Q - select action, (/) - cycle Shift-Dir - straight line, f/p - iguana
Aim: an iguana (65% to hit)
You shoot a sling bullet.
The sling bullet hits the iguana but does no damage.
The iguana misses you. The iguana bites you!
* * * LOW HITPOINT WARNING * * *
Okay, then.
It was a potion of brilliance.
You feel clever all of a sudden. The iguana bites you.
You die...

#####.#####.##.# #.#
............##.# #.#
#####..........# #[#
#..########## #># #.##
#)# #.# #.# #.# #.# #.#
######.# ####.# #..@l..#
.....#########.######
##<..........#<#
##.#.#######.#.###
.........##.)....#######
##.......#.....#.......#
#...###...)..###+####.#
#..<# #.#...##§§.≈≈##.#
##...# #.##..#§§§.§≈≈#.#


You could see an iguana.

Vanquished Creatures
  A scorpion (D:3)
  Natasha (thrice) (D:2)
  4 adders
  A worm (D:3)
  A dart slug (D:1)
  6 orcs
  7 endoplasms
  2 giant cockroaches (D:1)
  2 goblins (D:3)
  6 hobgoblins
  2 jackals (D:1)
  4 kobolds
  A quokka (D:4)
  7 ball pythons
  3 bats
  2 frilled lizards (D:3)
52 creatures vanquished.

Vanquished Creatures (others)
  12 plants (D:1)
12 creatures vanquished.

Grand Total: 64 creatures vanquished

Notes
Turn   | Place    | Note
-------+----------+-------------------------------------------
     0 | D:1      | siradein the Ghoul Hunter began the quest for the Orb.
     0 | D:1      | Reached XP level 1. HP: 17/17 MP: 0/0
    95 | D:1      | Reached XP level 2. HP: 25/25 MP: 1/1
   115 | D:1      | Found a faded altar of an unknown god.
   243 | D:1      | Found Fyulo's Jewellery Boutique.
   883 | D:2      | Reached XP level 3. HP: 30/30 MP: 2/2
  1014 | D:2      | Found Dufoo's Magic Scroll Shoppe.
  1048 | D:2      | Bought a scroll of identify for 22 gold pieces
  1323 | D:2      | Noticed Natasha
  1331 | D:2      | Killed Natasha
  1332 | D:2      | Reached XP level 4. HP: 14/38 MP: 3/3
  1642 | D:2      | Noticed Natasha
  1654 | D:2      | Killed Natasha
  1765 | D:2      | Found Dufoo's Magic Scroll Shoppe.
  2016 | D:2      | Noticed Natasha
  2023 | D:2      | Killed Natasha
  2024 | D:2      | Reached XP level 5. HP: 25/45 MP: 4/4
  3294 | D:4      | Found Goddal's One-of-a-Kind Rings.
  3437 | D:3      | Reached XP level 6. HP: 48/52 MP: 5/5
  3473 | D:3      | HP: 2/52 [iguana (11)]
  3474 | D:3      | Slain by an iguana

Illustrated notes

Levels and vault maps discovered:
D:1:      psy_arrival_whirlpool, layout_rooms, basic_ecumenical_altar,
          serial_shops, shop_statue, minmay_misc_feat_pillars,
          chequers_big_river, serial_bayou_lagoon_b
D:2:      layout_loops_cross, serial_shops, shop, uniq_natasha
D:3:      layout_loops_ring, kennysheep_flooded_box, minmay_misc_feat_roman
D:4:      layout_layer_cave, nicolae_shop_unique_rings, minmay_close_crescents

Skill      XL: |  1  2  3  4  5 |
---------------+----------------+-----
Dodging        | 2 3 |  3.4
Slings         | 4 |  4.7
Fighting       | 3 4 |  4.1
Stealth        | |  1.1

Action                   |  1- 3 |  4- 6 || total
-------------------------+-------+-------++-------
 Fire: Hunting sling     |    93 |   118 ||   211
  Use: Scroll            |     3 |       ||     3
       Potion            |       |     1 ||     1
Armor: Leather armour    |    19 |    15 ||    34
Dodge: Dodged            |    39 |    46 ||    85

Table legend: (Time is in decaauts)
 A = Elapsed time spent in this place.
 B = Non-inter-level travel time spent in this place.
 C = Inter-level travel time spent in this place.
 D = Time resting spent in this place.
 E = Time spent auto-exploring this place.
 F = Levels seen in this place.
 G = Mean time per level.
                   A        B        C        D        E       F      G
               +--------+--------+--------+--------+--------+-----+--------+
         Total |   3593 |   3525 |     68 |     19 |   2987 |   4 |  898.2 |
       Dungeon |   3593 |   3525 |     68 |     19 |   2987 |   4 |  898.2 |
               +--------+--------+--------+--------+--------+-----+--------+

Top non-repeatable levels by time:
     D:2: 1613 daAuts
     D:3: 960 daAuts
     D:1: 864 daAuts
     D:4: 156 daAuts
